AoeStats
← Amaker84

Arabia

508666797Analyzed
1v1 RM · 9d ago on Sep 23, 2026· 42m 16s· 2 players
Game mode
Random Map
Map size
Tiny (2 player)
Population
200
Speed
Normal
Resources
Standard
Victory
Conquest
Starting age
Dark Age
Ending age
Imperial Age
RankedLock teamsTeams togetherTeam positionsShared explorationLock speedFull tech treeHidden civsTurbo modeCheats
Victory
Defeat
🇦🇷 Franks · Argentina
1105
+16
🇪🇸 Chinese · Spain
1108
-16
Robin
6:46 Loom
9:20 Feudal Age
10:02 Double-Bit Axe
19:18 Castle Age
17:33 Gold Mining
18:13 Scale Barding Armor
18:42 Forging
19:50 Wheelbarrow
19:38 Stone Mining
20:16 Bow Saw
20:48 Husbandry
23:15 Hand Cart
23:51 Chain Barding Armor
28:13 Iron Casting
27:42 Padded Archer Armor
27:33 Fletching
27:06 Elite Skirmisher
30:25 Leather Archer Armor
30:07 Bodkin Arrow
35:58 Imperial Age
33:20 Town Watch
34:43 Masonry
35:17 Ballistics
37:27 Plate Barding Armor
37:57 Chemistry
36:47 Cavalier
38:29 Blast Furnace
37:39 Siege Engineers
40:32 Architecture
39:28 Paladin
Amaker84
0:53 Loom
9:25 Feudal Age
10:14 Double-Bit Axe
18:56 Horse Collar
21:33 Castle Age
19:36 Padded Archer Armor
19:45 Fletching
19:57 Scale Mail Armor
21:11 Forging
21:42 Crossbowman
22:37 Squires
22:01 Pikeman
22:58 Pikeman
23:51 Bodkin Arrow
25:03 Bow Saw
27:00 Leather Archer Armor
29:42 Chain Mail Armor
33:35 Iron Casting
39:22 Imperial Age
38:23 Bloodlines
38:14 Husbandry
38:29 Heavy Plow
39:24 Scale Barding Armor
39:31 Cavalier
40:56 Chain Barding Armor
Connection lost

Rejoining the realm…

Still unreachable

The connection could not be restored.

Session expired

The server has moved on; the page needs a fresh start.